 Dungeon Crawl Stone Soup version 0.23.2-1-ga50397a (webtiles) character file.

Game seed: 2516776559610014641

288 Vno the Conjurer (level 6, -9/45 HPs)
             Began as a Draconian Conjurer on May 14, 2019.
             Mangled by Pikel
             ... wielding a +1 whip of electrocution
              (12 damage)
             ... on level 5 of the Dungeon on May 23, 2019.
             The game lasted 00:24:23 (3192 turns).

Vno the Conjurer (Draconian Conjurer)               Turns: 3192, Time: 00:24:24

Health: -9/45      AC:  8    Str: 10    XL:     6   Next: 9%
Magic:  21/21      EV: 12    Int: 18    God:
Gold:   100        SH:  0    Dex: 14    Spells: 3/13 levels left

rFire    . . .     SeeInvis .   e - +1 short sword (venom)
rCold    . . .     Gourm    .   (no shield)
rNeg     . . .     Faith    .   (armour unavailable)
rPois    .         Spirit   .   (helmet restricted)
rElec    .         Reflect  .   q - scarf {cloud immunity}
rCorr    .         Harm     .   (no gloves)
MR       .....                  a - +1 pair of boots
Stlth    ++........             d - amulet of rage
HPRegen  0.15/turn              o - +3 ring of dexterity
MPRegen  0.17/turn              u - ring of magical power

@: about to teleport
A: unfitting armour, cold-blooded, AC +6
a: Evoke Berserk Rage


You were on level 5 of the Dungeon.
You were hungry.

You visited 1 branch of the dungeon, and saw 5 of its levels.

You collected 100 gold pieces.

Inventory:

Hand Weapons
 e - a +1 short sword of venom (weapon)
 s - a +2 mace of crushing
 t - a +2 short sword of flaming
Armour
 a - a +1 pair of boots (worn)
 i - a +0 cloak
 q - a scarf of cloud immunity (worn)
Jewellery
 d - an amulet of rage (around neck)
 o - a +3 ring of dexterity (left hand)
 r - an uncursed ring of protection from magic
 u - a ring of magical power (right hand)
Scrolls
 c - a scroll of remove curse
 f - 2 scrolls of magic mapping
 h - 2 scrolls of identify {unknown}
 j - 3 scrolls of random uselessness {unknown}
 n - a scroll of fog {unknown}
 p - 3 scrolls of amnesia {unknown}
Potions
 g - a potion of lignification {unknown}
 k - a potion of heal wounds {unknown}
 l - a potion of curing
 w - a potion of haste {unknown}
Comestibles
 b - 5 rations
 m - 4 chunks of flesh


   Skills:
 - Level 2.1 Dodging
 - Level 1.7 Stealth
 - Level 0.1 Unarmed Combat
 + Level 4.0 Spellcasting
 + Level 6.0 Conjurations


You had 3 spell levels left.
You knew the following spells:

 Your Spells              Type           Power        Failure   Level  Hunger
a - Magic Dart            Conj           ####         1%          1    None
b - Searing Ray           Conj           ####..       1%          2    ##.....
c - Dazzling Spray        Conj/Hex       ##....       13%         3    ###....
d - Iskenderun's Mystic   Conj           ####....     12%         4    ####...

Your spell library contained the following spells:

 Spells                   Type           Power        Failure   Level  Hunger
 Force Lance              Conj/Tloc      ##......     38%         4    ####...
 Fulminant Prism          Conj/Hex       ##........   38%         4    ####...


Dungeon Overview and Level Annotations

Branches:
Dungeon (5/15)
 Temple: D:4-7

Altars:
Cheibriados
Gozag
Makhleb
Ru
Wu Jian

Annotations:
D:5 Pikel


Innate Abilities, Weirdness & Mutations

Your plain brown scales are hard. (AC +6)
You cannot fit into any form of body armour.
You are cold-blooded and may be slowed by cold attacks.


Message History

There is an open door here.
The shadow imp grinds its teeth.
Remove which piece of jewellery? (? for menu, Esc to quit)
Okay, then.
It was a potion of curing.
You feel better. Pikel hits you but does no damage.
You are electrocuted!
* * * LOW HITPOINT WARNING * * *
Okay, then.
As you read the scroll labeled RAIGYNEKHLO, it crumbles to dust.
You feel strangely unstable.
It was a scroll of teleportation.
Something hits you but does no damage.
Pikel cracks his whip.
Pikel hits you but does no damage.
Unknown command.
As you read the scroll labeled OWNEPH TINN, it crumbles to dust.
It is a scroll of enchant armour.
Your +0 pair of boots glows green for a moment.
Something completely misses you. Pikel hits you but does no damage.
You are electrocuted!
You die...

##### #...#
###...#
#a'...+
#K#...#######
#@..........#
#.5...#####.#
#.....# #!#
#.....# #.#
##....# #Y#
###### #5#
#.# ####w###
#......#


You could see Pikel, a worker ant and a shadow imp.

Vanquished Creatures
  A slave (D:4)
  A centaur skeleton (D:3)
  An iguana (D:4)
  7 gnolls
  8 adders
  An ooze (D:2)
  An adder skeleton (D:4)
  2 dart slugs
  6 leopard geckos
  An orc (D:3)
  8 giant cockroaches
  2 hobgoblins (D:2)
  8 jackals (D:2)
  2 quokkas
  8 bats
  5 frilled lizards
  3 goblins
  11 kobolds
  A leopard gecko skeleton (D:4)
  12 rats
89 creatures vanquished.

Notes
Turn   | Place    | Note
-------+----------+-------------------------------------------
     0 | D:1      | Vno the Draconian Conjurer began the quest for the Orb.
     0 | D:1      | Reached XP level 1. HP: 14/14 MP: 3/3
   192 | D:1      | Reached XP level 2. HP: 19/20 MP: 1/5
   875 | D:1      | Reached XP level 3. HP: 17/26 MP: 2/6
  1010 | D:1      | Learned a level 2 spell: Searing Ray
  1014 | D:1      | Learned a level 3 spell: Dazzling Spray
  1273 | D:2      | Reached skill level 5 in Conjurations
  1589 | D:2      | Reached XP level 4. HP: 33/33 MP: 4/7
  1642 | D:2      | Found a burning altar of Makhleb.
  1642 | D:2      | Noticed a cacodemon
  1645 | D:2      | Noticed a smoke demon
  1645 | D:2      | Noticed a neqoxec
  2204 | D:3      | Reached XP level 5. HP: 27/38 MP: 2/10
  2392 | D:3      | Learned a level 4 spell: Iskenderun's Mystic Blast
  2736 | D:3      | Found an opulent altar of Gozag.
  2744 | D:3      | Found a snail-covered altar of Cheibriados.
  2746 | D:3      | Found an ornate altar of the Wu Jian Council.
  3000 | D:4      | Reached skill level 6 in Conjurations
  3043 | D:4      | Reached XP level 6. HP: 25/45 MP: 12/12
  3052 | D:4      | Found a sacrificial altar of Ru.
  3071 | D:4      | Noticed a slave
  3082 | D:4      | Killed a slave
  3088 | D:4      | Noticed Pikel
  3088 | D:4      | Noticed a slave
  3088 | D:4      | Noticed a slave
  3127 | D:5      | Entered Level 5 of the Dungeon
  3128 | D:5      | Noticed a sky beast
  3190 | D:5      | HP: 2/45 [Pikel/+1 whip of electrocution (12)]
  3192 | D:5      | Mangled by Pikel

Skill      XL: |  1  2  3  4  5 |
---------------+----------------+-----
Dodging        | 2 |  2.1
Conjurations   | 5 6 |  6.0
Spellcasting   | 3 4 |  4.0
Stealth        | |  1.7
Unarmed Combat | |  0.1

Action                   |  1- 3 |  4- 6 || total
-------------------------+-------+-------++-------
Melee: Unarmed           |    11 |       ||    11
       Tailslap          |     3 |     6 ||     9
       Short sword       |    32 |    46 ||    78
 Cast: Magic Dart        |    52 |   101 ||   153
       Searing Ray       |     2 |     4 ||     6
       Iskenderun's Myst |       |     2 ||     2
       Dazzling Spray    |       |     1 ||     1
  Use: Scroll            |       |     4 ||     4
       Potion            |       |     1 ||     1
  Eat: Chunk             |     3 |     5 ||     8
Armor: Skin              |    20 |    23 ||    43
Dodge: Dodged            |    44 |    38 ||    82
